 Dungeon Crawl Stone Soup version 0.28-a0-1594-ga885d4b3d6 (webtiles) character file.

Game seed: 13040827198661977886

1393 sanka the Insei (level 8, 0/58 (61) HPs)
             Began as a Gnoll Transmuter on Jan 19, 2022.
             Slain by a necrophage (5 damage)
             ... on level 6 of the Dungeon on Jan 20, 2022.
             The game lasted 00:10:01 (4883 turns).

sanka the Insei (Gnoll Transmuter)                  Turns: 4883, Time: 00:10:02

HP:   0/58 (61)     AC:  3    Str:  9    XL:     8   Next: 68%
MP:   16/17         EV: 14    Int: 14    God:
Gold: 236           SH:  0    Dex: 14    Spells: 13/19 levels left

rFire   + . .      SeeInvis .     - Unarmed
rCold   . . .      Faith    .   (no shield)
rNeg    . . .      Spirit   .   a - +0 robe
rPois   .          Reflect  .   m - +0 helmet
rElec   .          Harm     .   (no cloak)
rCorr   .          Rampage  .   (no gloves)
Will    +....                   (no boots)
Stlth   ++........              k - amulet of regeneration
HPRegen 0.99/turn               h - ring of willpower
MPRegen 0.15/turn               e - ring of protection from fire

@: studying Polearms, lightly drained
A: fangs 1, strong nose, distributed training
a: no special abilities


You were on level 6 of the Dungeon.
You visited 1 branch of the dungeon, and saw 6 of its levels.

You collected 236 gold pieces.


Innate Abilities, Weirdness & Mutations

You have very sharp teeth.
Your uncanny sense of smell can sniff out nearby items.
Your experience applies equally to all skills.


   Skills:
 + Level 4.4 Fighting
 + Level 3.5 Short Blades
 + Level 3.5 Long Blades
 + Level 3.5 Axes
 + Level 3.5 Maces & Flails
 + Level 4.0 Polearms
 + Level 3.5 Staves
 + Level 3.5 Slings
 + Level 3.5 Bows
 + Level 3.5 Crossbows
 + Level 3.5 Throwing
 + Level 3.5 Armour
 + Level 5.8 Dodging
 + Level 3.5 Stealth
 + Level 3.5 Shields
 + Level 7.5 Unarmed Combat
 + Level 6.1 Spellcasting
 + Level 2.8 Conjurations
 + Level 2.8 Hexes
 + Level 2.8 Summonings
 + Level 2.8 Necromancy
 + Level 2.8 Translocations
 + Level 4.8 Transmutations
 + Level 2.8 Fire Magic
 + Level 2.8 Ice Magic
 + Level 2.8 Air Magic
 + Level 2.8 Earth Magic
 + Level 2.8 Poison Magic
 + Level 3.8 Invocations
 + Level 3.5 Evocations


You had 13 spell levels left.
You knew the following spells:

 Your Spells              Type           Power      Damage    Failure   Level
x - Spider Form           Tmut/Pois      15%        N/A       10%         3
y - Wereblood             Tmut           17%        N/A       3%          2
z - Beastly Appendage     Tmut           34%        N/A       2%          1

Your spell library contained the following spells:

 Spells                   Type           Power      Damage    Failure   Level
 Slow                     Hex            48%        N/A       4%          1
 Confusing Touch          Hex            12%        N/A       14%         3
 Vampiric Draining        Necr           12%        2d6       14%         3
 Ice Form                 Ice/Tmut       15%        N/A       32%         4

Inventory:

Missiles
 c - 4 boomerangs
 n - 6 javelins
 A - a throwing net {=f}
Armour
 a - a +0 robe (worn)
 m - a +0 helmet (worn)
Jewellery
 e - a ring of protection from fire (right hand)
 h - a ring of willpower (left hand)
 k - an amulet of regeneration (around neck)
 y - a ring of protection from fire
Scrolls
 f - 3 scrolls of immolation {unknown}
 i - a scroll of identify {unknown}
 o - a scroll of fog {unknown}
 p - a scroll of magic mapping {unknown}
 t - a scroll of acquirement {unknown}
 u - a scroll of blinking {unknown}
 z - a scroll of vulnerability {unknown}
 B - a scroll of enchant armour {unknown}
 C - 2 scrolls of amnesia {unknown}
Potions
 b - a potion of degeneration {unknown}
 d - a potion of heal wounds {unknown}
 g - 2 potions of might {unknown}
 j - 2 potions of curing {unknown}
 l - a potion of lignification {unknown}
 q - a potion of mutation {unknown}
 r - a potion of magic {unknown}
 s - a potion of ambrosia {unknown}
 v - a potion of brilliance {unknown}
 w - a potion of flight {unknown}
 x - a potion of cancellation {unknown}

Dungeon Overview and Level Annotations

Branches:
Dungeon (6/15)
 Temple: D:4-7

Altars:
Cheibriados
Dithmenos
Hepliaklqana
Ru

Annotations:
D:6 Pikel

▒▒▒▒▒▒ 5.. ▒▒....▒▒..<
▒.......... ▒..........
▒.......... ▒..........
▒£......... ▒▒▒▒▒▒▒▒
▒▒▒▒▒..5▒ .▒.....▒
▒▒ng▒▒▒▒'▒▒▒..▒ ......▒▒
▒.55K........▒ ▒.....▒
▒............▒ ......▒
▒............▒
.▒▒..▒▒▒▒▒▒▒▒▒▒▒▒...▒▒▒..▒▒
.▒▒..▒▒..▒▒..▒▒▒▒...▒▒..▒..
...............▒...........▒
...............▒...........▒
...............▒...........▒


You could see Pikel (extremely poisoned), 2 lemures and a necrophage.


Message History

Unknown command.
You completely miss Pikel.
Pikel is heavily wounded.
The lemure misses you. The necrophage hits you.
* * * LOW HITPOINT WARNING * * *
You feel drained.
* * * LOW HITPOINT WARNING * * *
The lemure completely misses you.
Pikel hits you with a +2 whip of freezing.
* * * LOW HITPOINT WARNING * * *
Pikel freezes you.
* * * LOW HITPOINT WARNING * * *
You hit Pikel.
Pikel looks as sick as possible!
Pikel is heavily wounded.
The lemure closely misses you. The necrophage completely misses you.
The lemure completely misses you.
Pikel hits you with a +2 whip of freezing!
* * * LOW HITPOINT WARNING * * *
Pikel freezes you.
* * * LOW HITPOINT WARNING * * *
You barely miss Pikel.
Pikel is heavily wounded.
Your transformation has ended.
The lemure hits you.
* * * LOW HITPOINT WARNING * * *
The necrophage hits you.
You die...

Action                   |  1- 3 |  4- 6 |  7- 9 || total
-------------------------+-------+-------+-------++-------
Melee: Unarmed           |    86 |    74 |   201 ||   361
       Kick              |    12 |     1 |       ||    13
       Headbutt          |     4 |       |       ||     4
       Bite              |     5 |     3 |       ||     8
       Punch             |     1 |       |     1 ||     2
 Cast: Beastly Appendage |    26 |     2 |       ||    28
       Spider Form       |     1 |     9 |    26 ||    36
 Stab: Sleeping          |     1 |     1 |       ||     2
Armor: Robe              |    12 |     1 |     1 ||    14
       Skin              |       |     1 |     4 ||     5
Dodge: Dodged            |    54 |    58 |   221 ||   333

Levels and vault maps discovered:
D:1:      dpeg_arrival_simpleton_b, layout_basic
D:2:      layout_rooms
D:3:      layout_basic, serial_corexii_hall, corexii_hall_statues_i,
          corexii_hall_statues_deadend, chequers_hall_statues_wall_a,
          chequers_hall_statues_y, ebering_dispersal_statue_hall, uniq_sigmund
D:4:      old_forge, layout_basic, old_standard_altar, minmay_misc_feat_doors
D:5:      layout_basic, chei_slow_surprise, minmay_manual_mullet, uniq_edmund
D:6:      layout_gridville, pdpol_temple_overflow_zin_treasury_gozag_greed,
          mainiacjoe_overflow_alcove_2, grunt_temple_overflow_open,
          minmay_temple_entry_wispy, minmay_misc_feat_encased, uniq_pikel

Notes
Turn   | Place    | Note
-------+----------+-------------------------------------------
     0 | D:1      | sanka the Gnoll Transmuter began the quest for the Orb.
     0 | D:1      | Reached XP level 1. HP: 17/17 MP: 6/6
   272 | D:1      | Reached XP level 2. HP: 23/23 MP: 5/7
   398 | D:1      | Upgraded the game from 0.28-a0-1565-g95a8017c83 to
                  | 0.28-a0-1594-ga885d4b3d6
   808 | D:2      | Reached XP level 3. HP: 28/28 MP: 7/9
   867 | D:2      | Reached skill level 5 in Spellcasting
   990 | D:2      | Learned a level 2 spell: Wereblood
   994 | D:2      | Learned a level 3 spell: Spider Form
  1119 | D:2      | Reached skill level 1 in Invocations
  1589 | D:3      | Reached skill level 1 in Short Blades
  1589 | D:3      | Reached skill level 1 in Long Blades
  1589 | D:3      | Reached skill level 1 in Axes
  1589 | D:3      | Reached skill level 1 in Maces & Flails
  1589 | D:3      | Reached skill level 1 in Polearms
  1589 | D:3      | Reached skill level 1 in Staves
  1589 | D:3      | Reached skill level 1 in Slings
  1589 | D:3      | Reached skill level 1 in Bows
  1589 | D:3      | Reached skill level 1 in Crossbows
  1589 | D:3      | Reached skill level 1 in Throwing
  1589 | D:3      | Reached skill level 1 in Armour
  1589 | D:3      | Reached skill level 1 in Stealth
  1589 | D:3      | Reached skill level 1 in Shields
  1589 | D:3      | Reached skill level 1 in Evocations
  1819 | D:3      | Reached XP level 4. HP: 17/34 MP: 11/11
  2024 | D:3      | Noticed Sigmund
  2064 | D:3      | Killed Sigmund
  2065 | D:3      | Reached skill level 3 in Fighting
  2065 | D:3      | Reached skill level 1 in Conjurations
  2065 | D:3      | Reached skill level 1 in Hexes
  2065 | D:3      | Reached skill level 1 in Summonings
  2065 | D:3      | Reached skill level 1 in Necromancy
  2065 | D:3      | Reached skill level 1 in Translocations
  2065 | D:3      | Reached skill level 4 in Transmutations
  2065 | D:3      | Reached skill level 1 in Fire Magic
  2065 | D:3      | Reached skill level 1 in Ice Magic
  2065 | D:3      | Reached skill level 1 in Air Magic
  2065 | D:3      | Reached skill level 1 in Earth Magic
  2065 | D:3      | Reached skill level 1 in Poison Magic
  2065 | D:3      | Reached XP level 5. HP: 41/41 MP: 9/12
  2356 | D:4      | Reached skill level 2 in Invocations
  2356 | D:4      | Reached XP level 6. HP: 47/47 MP: 10/13
  2423 | D:4      | Reached skill level 2 in Short Blades
  2423 | D:4      | Reached skill level 2 in Long Blades
  2423 | D:4      | Reached skill level 2 in Axes
  2423 | D:4      | Reached skill level 2 in Maces & Flails
  2423 | D:4      | Reached skill level 2 in Polearms
  2423 | D:4      | Reached skill level 2 in Staves
  2423 | D:4      | Reached skill level 2 in Slings
  2423 | D:4      | Reached skill level 2 in Bows
  2423 | D:4      | Reached skill level 2 in Crossbows
  2423 | D:4      | Reached skill level 2 in Throwing
  2423 | D:4      | Reached skill level 2 in Armour
  2423 | D:4      | Reached skill level 5 in Dodging
  2423 | D:4      | Reached skill level 2 in Stealth
  2423 | D:4      | Reached skill level 2 in Shields
  2423 | D:4      | Reached skill level 2 in Evocations
  2650 | D:3      | Reached XP level 7. HP: 26/52 MP: 10/15
  2689 | D:4      | Reached skill level 7 in Unarmed Combat
  2730 | D:4      | Found a shadowy altar of Dithmenos.
  3167 | D:4      | Reached skill level 2 in Conjurations
  3167 | D:4      | Reached skill level 2 in Hexes
  3167 | D:4      | Reached skill level 2 in Summonings
  3167 | D:4      | Reached skill level 2 in Necromancy
  3167 | D:4      | Reached skill level 2 in Translocations
  3167 | D:4      | Reached skill level 2 in Fire Magic
  3167 | D:4      | Reached skill level 2 in Ice Magic
  3167 | D:4      | Reached skill level 2 in Air Magic
  3167 | D:4      | Reached skill level 2 in Earth Magic
  3167 | D:4      | Reached skill level 2 in Poison Magic
  3423 | D:5      | Entered Level 5 of the Dungeon
  3516 | D:5      | Reached skill level 3 in Invocations
  3642 | D:5      | Reached XP level 8. HP: 22/60 MP: 13/16
  3756 | D:5      | Reached skill level 4 in Fighting
  3756 | D:5      | Reached skill level 3 in Short Blades
  3756 | D:5      | Reached skill level 3 in Long Blades
  3756 | D:5      | Reached skill level 3 in Axes
  3756 | D:5      | Reached skill level 3 in Maces & Flails
  3756 | D:5      | Reached skill level 3 in Polearms
  3756 | D:5      | Reached skill level 3 in Staves
  3756 | D:5      | Reached skill level 3 in Slings
  3756 | D:5      | Reached skill level 3 in Bows
  3756 | D:5      | Reached skill level 3 in Crossbows
  3756 | D:5      | Reached skill level 3 in Throwing
  3756 | D:5      | Reached skill level 3 in Armour
  3756 | D:5      | Reached skill level 3 in Stealth
  3756 | D:5      | Reached skill level 3 in Shields
  3756 | D:5      | Reached skill level 3 in Evocations
  3882 | D:5      | Found a snail-covered altar of Cheibriados.
  3952 | D:5      | Noticed Edmund
  3968 | D:5      | Killed Edmund
  3969 | D:5      | Reached skill level 6 in Spellcasting
  4290 | D:5      | Noticed a troll
  4608 | D:5      | Reached skill level 4 in Polearms
  4755 | D:6      | Found a sacrificial altar of Ru.
  4755 | D:6      | Found a hazy altar of Hepliaklqana.
  4834 | D:6      | Noticed Pikel
  4883 | D:6      | HP: 5/58 [lemure[Pikel] (4)]
  4883 | D:6      | Slain by a necrophage

Vanquished Creatures
  Sigmund (D:3)
  Edmund (D:5)
  An acid dragon (D:5)
  A black bear (D:5)
  An ogre (D:5)
  A hornet zombie (D:5)
  2 lemures (D:6)
  A gnoll sergeant (D:5)
  4 scorpions
  A water moccasin skeleton (D:4)
  An orc priest (D:4)
  2 hounds
  A bullfrog skeleton (D:5)
  An iron imp (D:5)
  A scorpion zombie (D:5)
  10 gnolls
  4 adders
  2 white imps
  An adder skeleton (D:4)
  A worm (D:2)
  3 dart slugs
  9 orcs
  7 endoplasms
  3 giant cockroaches
  6 goblins
  2 hobgoblins
  2 jackals (D:3)
  3 quokkas
  4 ball pythons
  11 bats
  2 frilled lizards
  5 kobolds
  8 rats
103 creatures vanquished.

Vanquished Creatures (others)
  6 fungi (D:4)
  2 plants (D:4)
8 creatures vanquished.

Grand Total: 111 creatures vanquished
